 Dungeon Crawl Stone Soup version 0.31.0-12-g77e489cdc1 (webtiles) character file.

Game seed: 368208595079271981

1905 sking99 the Skirmisher (level 8, 0/70 HPs)
             Began as a Minotaur Hunter on Mar 1, 2024.
             Was a Believer of Fedhas.
             Slain by a yak (6 damage)
             ... on level 8 of the Dungeon.
             The game lasted 00:15:07 (7364 turns).

sking99 the Skirmisher (Minotaur Hunter)            Turns: 7364, Time: 00:15:07

Health: 0/70       AC:  3    Str: 15    XL:     8   Next: 94%
Magic:  9/9        EV: 14    Int:  6    God:    Fedhas [**....]
Gold:   354        SH:  0    Dex: 17    Spells: 7/7 levels left

rFire   . . .        b - +0 orcbow
rCold   . . .        (shield currently unavailable)
rNeg    . . .        c - +0 leather armour
rPois   .            (helmet restricted)
rElec   .            (no cloak)
rCorr   .            (no gloves)
SInv    .            (no boots)
Will    .....        (no amulet)
Stlth   ++           (no ring)
HPRegen 0.31/turn    (no ring)
MPRegen 0.11/turn

%: no passive effects
@: no status effects
A: horns 2, retaliatory headbutt
a: Renounce Religion, Wall of Briars


You were on level 8 of the Dungeon.
You worshipped Fedhas.
Fedhas was pleased with you.
You visited 2 branches of the dungeon, and saw 8 of its levels.

You collected 354 gold pieces.

Inventory:

Hand Weapons
 a - a +1 shortbow of draining
 b - a +0 orcbow (weapon)
Armour
 c - a +0 leather armour (worn)
Jewellery
 d - a ring of resist corrosion
 o - a +4 ring of protection
 r - a ring of positive energy
Scrolls
 e - a scroll of amnesia {unknown}
 f - 3 scrolls of vulnerability
 j - a scroll of silence {unknown}
 k - a scroll of enchant armour
 l - a scroll of revelation
 m - a scroll of acquirement {unknown}
 p - a scroll of enchant weapon
 q - a scroll of fear {unknown}
Potions
 g - 6 potions of attraction
 h - a potion of might
 i - 2 potions of brilliance
 n - 4 potions of curing
 s - a potion of heal wounds


   Skills:
 + Level 6.2 Fighting
 * Level 8.9 Ranged Weapons
 + Level 5.6 Armour
 + Level 5.6 Dodging
 - Level 0.7 Stealth
 + Level 3.7 Invocations


You had 7 spell levels left.
You didn't know any spells.
Your spell library contained the following spells:

 Spells                   Type           Power      Damage    Failure   Level
 Kiss of Death            Conj/Necr      0%         2d5       52%         1
 Sandblast                Erth           0%         2d4       52%         1
 Mercury Vapours          Alch/Air       0%         N/A       65%         2
 Confusing Touch          Hex            0%         N/A       87%         3
 Mephitic Cloud           Conj/Alch/Air  0%         N/A       87%         3
 Passwall                 Erth           0%         N/A       87%         3
 Stone Arrow              Conj/Erth      0%         3d7       87%         3
 Brom's Barrelling Bould  Conj/Erth      0%         2d3       99%         4
 Dispel Undead            Necr           0%         3d6       99%         4
 Freezing Cloud           Conj/Ice/Air   0%         6-21      100%        5


Dungeon Overview and Level Annotations

Branches:
Dungeon (6/15)             Temple (1/1) D:4

Altars:
Ashenzari
Cheibriados
Elyvilon
Fedhas
Gozag
Kikubaaqudgha
Makhleb
Nemelex Xobeh
Qazlal
Ru
Sif Muna
Uskayaw
Vehumet
Wu Jian
Xom
Zin

Shops:
D:4 *

Annotations:
D:5 1 runed translucent door, diceflayer's ghost, novice DsFi


Innate Abilities, Weirdness & Mutations

You have a pair of horns on your head.
You reflexively headbutt those who attack you in melee.


Message History

You start resting.
HP restored.
You hear the faint creaking of a very distant portcullis.
The yak bellows! x5
The yak attacks as it pursues you! The yak gores you but does no damage.
The yak attacks as it pursues you! The yak barely misses you.
The yak gores you but does no damage.
You shoot an arrow.
The arrow hits the yak but does no damage.
The yak gores you.
You shoot an arrow. The arrow barely misses the yak.
The yak gores you!
You shoot an arrow.
The arrow hits the yak but does no damage.
You shoot an arrow. The arrow closely misses the yak.
The arrow hits the yak.
The yak is lightly wounded.
The yak gores you.
You shoot an arrow. The arrow hits the yak!
The yak is moderately wounded.
The yak gores you.
You shoot an arrow.
The arrow hits the yak but does no damage.
The yak is moderately wounded.
The yak gores you!
You shoot an arrow.
The arrow hits the yak but does no damage.
The yak is moderately wounded.
The yak gores you!
You shoot an arrow. The arrow hits the yak!
The yak is heavily wounded.
The yak gores you!
* * * LOW HITPOINT WARNING * * *
You shoot an arrow. The arrow hits the yak!
The yak is severely wounded.
The yak gores you!
* * * LOW HITPOINT WARNING * * *
You shoot an arrow. The arrow barely misses the yak.
The arrow hits the yak.
The yak is lightly wounded.
The yak gores you.
You die...
Fedhas appreciates your contribution to the ecosystem.

#...####...........)###
...> ##....###.###$..##
....
#.....###.##.....## ...
#.##.YY##.........# ##
#.......#.####>......#
###..####..# #.......#
#.. ##Y####.....## ...
#YY###.....## ##
##YY@.......#
####.......# #$......#
##.....## ##...## #####


You could see 5 yaks.

Vanquished Creatures
  A yak (D:8)
  An ogre (D:6)
  2 black bears (D:5)
  2 centaurs
  2 phantoms
  2 bullfrogs
  A kobold brigand (D:6)
  A water moccasin zombie (D:6)
  A howler monkey (D:5)
  3 bombardier beetles
  A bullfrog zombie (D:6)
  2 bullfrog skeletons (D:6)
  2 jellies (D:6)
  3 hounds
  An orc priest (D:4)
  A gnoll bouda (D:5)
  3 iguanas
  5 orc wizards
  A killer bee zombie (D:6)
  12 gnolls
  5 adders
  A shadow imp (D:6)
  2 white imps (D:5)
  A dart slug (D:1)
  3 ribbon worms
  22 orcs
  12 bats
  6 endoplasms
  A giant cockroach (D:4)
  6 hobgoblins
  2 quokkas
  13 ball pythons
  5 frilled lizards
  7 goblins
  13 kobolds
  10 rats
156 creatures vanquished.

Vanquished Creatures (others)
  A sleepcap (D:6)
  An iguana (D:6)
  A ball python (D:3)
3 creatures vanquished.

Grand Total: 159 creatures vanquished

Notes
Turn   | Place    | Note
-------+----------+-------------------------------------------
     0 | D:1      | sking99 the Minotaur Hunter began the quest for the Orb.
     0 | D:1      | Reached XP level 1. HP: 18/18 MP: 0/0
   293 | D:1      | Reached XP level 2. HP: 22/25 MP: 1/1
   392 | D:1      | Reached skill level 1 in Armour
   539 | D:1      | Reached XP level 3. HP: 30/30 MP: 2/2
  1061 | D:2      | Reached skill level 5 in Ranged Weapons
  1171 | D:2      | Found an ornate altar of the Wu Jian Council.
  1445 | D:2      | Reached XP level 4. HP: 21/38 MP: 3/3
  2514 | D:3      | Found a glowing silver altar of Zin.
  2659 | D:3      | Found a snail-covered altar of Cheibriados.
  2704 | D:3      | Found a white marble altar of Elyvilon.
  2938 | D:3      | Reached XP level 5. HP: 45/45 MP: 4/4
  3046 | D:3      | Found a radiant altar of Vehumet.
  3423 | D:4      | Found a sacrificial altar of Ru.
  3487 | D:4      | Reached skill level 6 in Ranged Weapons
  3520 | D:4      | Found a staircase to the Ecumenical Temple.
  3534 | Temple   | Entered the Ecumenical Temple
  3552 | Temple   | Became a worshipper of Fedhas Madash
  3741 | D:4      | Noticed a phantom
  3765 | D:4      | Killed a phantom
  3766 | D:4      | Reached XP level 6. HP: 26/52 MP: 5/5
  4052 | D:4      | Found Cov Vuyll's General Store.
  4267 | D:4      | Reached skill level 1 in Invocations
  4451 | D:5      | Entered Level 5 of the Dungeon
  4707 | D:5      | Found a runed translucent door.
  4707 | D:5      | Noticed diceflayer's ghost (novice DsFi)
  4727 | D:5      | Reached * piety under Fedhas
  4847 | D:5      | Reached XP level 7. HP: 23/60 MP: 5/7
  4936 | D:5      | Reached skill level 7 in Ranged Weapons
  5320 | D:5      | Reached skill level 5 in Fighting
  5947 | D:5      | Found a stormy altar of Qazlal.
  6233 | D:6      | Reached XP level 8. HP: 68/68 MP: 8/8
  6352 | D:6      | Reached skill level 8 in Ranged Weapons
  6491 | D:6      | Reached skill level 5 in Dodging
  6594 | D:6      | Reached ** piety under Fedhas
  6627 | D:6      | Reached skill level 5 in Armour
  7119 | D:6      | You fall into a shaft and drop 2 floors!
  7364 | D:8      | Slain by a yak

Illustrated notes

Levels and vault maps discovered:
D:1:      dpeg_arrival_circle_labyrinth_b, layout_loops_ring, minmay_surrounded
D:2:      layout_basic, basic_altar, serial_co_window_serial,
          co_window_corner_a, co_window_paths_b, co_window_cross_1,
          co_window_of_opportunity_a, co_window_of_opportunity_a,
          co_window_paths_a, co_window_corner_ca, co_window_corner_b,
          co_window_2corner, co_window_2corner, co_window_sun
D:3:      layout_loops_ring, chei_slow_surprise,
          mainiacjoe_overflow_small_starburst, fiery_altar_vehumet,
          elyvilon_altar_1
D:4:      layout_basic, nicolae_ru_awakened_eye,
          minmay_temple_entry_drinking_statues, serial_shops, shop,
          dk_noncrumbling_4, minmay_puff
D:5:      layout_cave_pods, grunt_qazlal_sundering,
          hellmonk_ghost_happy_afterlife, minmay_between
D:6:      layout_basic, serial_undead, serial_undead_a, serial_undead_d,
          serial_undead_d, serial_undead_c
D:8:      layout_rooms, amethyst_overflow_temple_binary,
          mainiacjoe_overflow_cross_hatched, enter_bailey_2
Temple:   chequers_temple_sunken

Skill      XL: |  1  2  3  4  5  6  7  8 |
---------------+-------------------------+-----
Armour         | 1 2 3 4 5 |  5.6
Ranged Weapons | 5 6 7 8 |  8.9
Fighting       | 3 4 5 6 |  6.2
Dodging        | 3 4 5 |  5.6
Invocations    | 1 2 3 |  3.7
Stealth        | |  0.7

Action                     |  1- 3 |  4- 6 |  7- 9 || total
---------------------------+-------+-------+-------++-------
  Melee: Shortbow          |       |     1 |       ||     1
   Fire: Shortbow          |   131 |   201 |    36 ||   368
         Orcbow            |       |       |   186 ||   186
    Use: Potion            |     2 |     3 |     1 ||     6
         Scroll            |       |    13 |     2 ||    15
 Armour: Leather armour    |    34 |    78 |   116 ||   228
  Dodge: Dodged            |    39 |    62 |   123 ||   224
